 Dungeon Crawl Stone Soup version 0.28-a0-723-g095bd1b44f (webtiles) character file.

Game seed: 8054414480120816448

21 lawman0 the Vexing (level 2, 0/22 (23) HPs)
             Began as a Gnoll Arcane Marksman on Oct 25, 2021.
             Succumbed to an adder's poison
             ... on level 2 of the Dungeon.
             The game lasted 00:02:31 (2064 turns).

lawman0 the Vexing (Gnoll Arcane Marksman)          Turns: 2064, Time: 00:02:31

HP:   0/22 (23)     AC:  2    Str:  9    XL:     2   Next: 83%
MP:   5/5           EV: 13    Int: 12    God:
Gold: 66            SH:  0    Dex: 12    Spells: 4/6 levels left

rFire   . . .      SeeInvis .   b - +0 dagger
rCold   . . .      Faith    .   (no shield)
rNeg    + . .      Spirit   .   e - +0 robe
rPois   .          Reflect  .   (no helmet)
rElec   .          Harm     .   (no cloak)
rCorr   .          Rampage  .   (no gloves)
Will    .....                   (no boots)
Stlth   +.........              (no amulet)
HPRegen 0.07/turn               h - ring of positive energy
MPRegen 0.09/turn               (no ring)

@: lethally poisoned (0 -> -8), lightly drained
A: fangs 1, strong nose, distributed training
a: no special abilities


You were on level 2 of the Dungeon.
You visited 1 branch of the dungeon, and saw 2 of its levels.

You collected 86 gold pieces.
You spent 20 gold pieces at shops.

Inventory:

Hand Weapons
 a - a +0 hunting sling
 b - a +0 dagger (weapon)
Missiles
 c - 2 throwing nets
 f - 15 sling bullets
 j - 5 javelins (quivered)
 k - 6 boomerangs
Armour
 e - a +0 robe (worn)
Jewellery
 h - a ring of positive energy (left hand)
Scrolls
 d - a scroll of enchant weapon
 g - a scroll of summoning
 l - a scroll of brand weapon


   Skills:
 + Level 2.5 Fighting
 + Level 0.5 Short Blades
 + Level 0.5 Long Blades
 + Level 0.5 Axes
 + Level 0.5 Maces & Flails
 + Level 0.5 Polearms
 + Level 0.5 Staves
 + Level 0.5 Slings
 + Level 0.5 Bows
 + Level 0.5 Crossbows
 + Level 4.5 Throwing
 + Level 0.5 Armour
 + Level 4.5 Dodging
 + Level 0.5 Stealth
 + Level 0.5 Shields
 + Level 0.5 Unarmed Combat
 + Level 2.7 Spellcasting
 + Level 0.3 Conjurations
 + Level 5.3 Hexes
 + Level 0.3 Summonings
 + Level 0.3 Necromancy
 + Level 0.3 Translocations
 + Level 0.3 Transmutations
 + Level 0.3 Fire Magic
 + Level 0.3 Ice Magic
 + Level 0.3 Air Magic
 + Level 0.3 Earth Magic
 + Level 0.3 Poison Magic
 + Level 0.6 Invocations
 + Level 0.5 Evocations


You had 4 spell levels left.
You knew the following spells:

 Your Spells              Type           Power      Damage    Failure   Level
a - Slow                  Hex            14%        N/A       4%          2

Your spell library contained the following spells:

 Spells                   Type           Power      Damage    Failure   Level
 Inner Flame              Hex/Fire       8%         N/A       24%         3
 Portal Projectile        Hex/Tloc       16%        N/A       24%         3
 Cause Fear               Hex            7%         N/A       26%         4
 Ignite Poison            Fire/Tmut/Pois 2%         N/A       54%         3
 Mephitic Cloud           Conj/Pois/Air  2%         N/A       54%         3
 Olgreb's Toxic Radiance  Pois           2%         N/A       91%         4
 Freezing Cloud           Conj/Ice/Air   1%         6-21      99%         5
 Ozocubu's Refrigeration  Ice            1%         4d5       100%        7
 Ignition                 Fire           1%         3d3       100%        8


Dungeon Overview and Level Annotations

Branches:
Dungeon (2/15)

Altars:

Shops:
D:1 (?


Innate Abilities, Weirdness & Mutations

You have very sharp teeth.
Your uncanny sense of smell can sniff out nearby items.
Your experience applies equally to all skills.


Message History

The adder is moderately wounded.
The adder misses you.
You shoot a sling bullet.
The sling bullet barely misses the adder.
The adder bites you but does no damage. The adder barely misses you.
You shoot a sling bullet. The sling bullet hits the adder.
The adder is severely wounded.
The adder bites you.
You are poisoned.
The adder poisons you!
You shoot a sling bullet.
The sling bullet closely misses the adder.
You feel sick. The adder bites you.
You are lethally poisoned!
The adder poisons you!
You are too injured to fight recklessly!
b - a +0 dagger (weapon)
You feel sick. The adder bites you but does no damage.
You are too injured to fight recklessly!
You hit the adder.
The adder is almost dead.
* * * LOW HITPOINT WARNING * * *
You feel very sick. The adder closely misses you.
You are too injured to fight recklessly!
You barely miss the adder.
The adder is almost dead.
* * * LOW HITPOINT WARNING * * *
You feel sick. The adder barely misses you. x2
You are too injured to fight recklessly!
You hit the adder but do no damage.
The adder is almost dead.
* * * LOW HITPOINT WARNING * * *
You feel sick. The adder bites you.
* * * LOW HITPOINT WARNING * * *
You are more poisoned.
The adder poisons you!
You hit the adder.
You kill the adder!
You die...

#...........
#(#
#...........
#.#
#...........
#.#
#...........
#(#
#....>......
#(#
#...........
#.#
#.#........
#(#
#.#..####.#
#@#
#.#..####.#
#.#
#.#.......#
#.#
#.##..#####
#.#
#........[.
#.#
####.......
#.# ##.#####
#.# #.# #.#
########.#
#.#
#........#


There were no monsters in sight!

Vanquished Creatures
  An adder (D:2)
  A dart slug (D:1)
  2 ball pythons (D:1)
  2 endoplasms
  2 giant cockroaches (D:2)
  2 goblins
  2 hobgoblins (D:2)
  A quokka (D:2)
  A bat (D:2)
  2 frilled lizards (D:1)
  A rat (D:2)
  A spectral kobold (D:2)
18 creatures vanquished.

Notes
Turn   | Place    | Note
-------+----------+-------------------------------------------
     0 | D:1      | lawman0 the Gnoll Arcane Marksman began the quest for the
                  | Orb.
     0 | D:1      | Reached XP level 1. HP: 17/17 MP: 4/4
   104 | D:1      | Found Innupuad's Weapon Shop.
   360 | D:1      | Found Fepruot's Magic Scroll Boutique.
   373 | D:1      | Reached XP level 2. HP: 19/23 MP: 5/5
   422 | D:1      | Bought a scroll of identify for 20 gold pieces
   829 | D:1      | Learned a level 2 spell: Slow
  1848 | D:2      | Found a faded altar of an unknown god.
  2064 | D:2      | Succumbed to an adder's poison

Illustrated notes

Levels and vault maps discovered:
D:1:      grunt_arrival_crossed_arrows, layout_basic, serial_shops,
          nicolae_shop_crystal, nicolae_shop_stone
D:2:      layout_basic, dreamdust_ecumenical_altar_drowned_temple

Action                   || total
-------------------------++-------
Melee: Dagger            ||    65
       Bite              ||     5
 Fire: Hunting sling     ||    30
Throw: Javelin           ||     7
  Use: Scroll            ||     3
Armor: Robe              ||    11
Dodge: Dodged            ||    47

Table legend: (Time is in decaauts)
 A = Elapsed time spent in this place.
 B = Non-inter-level travel time spent in this place.
 C = Inter-level travel time spent in this place.
 D = Time resting spent in this place.
 E = Time spent auto-exploring this place.
 F = Levels seen in this place.
 G = Mean time per level.
                   A        B        C        D        E       F      G
               +--------+--------+--------+--------+--------+-----+--------+
         Total |   2070 |   2062 |      8 |    668 |   1142 |   2 | 1035.0 |
       Dungeon |   2070 |   2062 |      8 |    668 |   1142 |   2 | 1035.0 |
               +--------+--------+--------+--------+--------+-----+--------+

Top non-repeatable levels by time:
     D:1: 1125 daAuts
     D:2: 945 daAuts
